 Dungeon Crawl Stone Soup version 0.27-a0-887-gcab673c142 (webtiles) character file.

Game seed: 8175551990574991377

18 shoop the Stinger (level 2, 0/20 HPs)
             Began as a Demigod Venom Mage on Apr 4, 2021.
             Succumbed to a goblin's poison
             ... on level 1 of the Dungeon.
             The game lasted 00:01:22 (541 turns).

shoop the Stinger (Demigod Venom Mage)               Turns: 541, Time: 00:01:22

Health: 0/20       AC:  2    Str:  9    XL:     2   Next: 36%
Magic:  4/7        EV: 12    Int: 17    God:
Gold:   17         SH:  0    Dex: 14    Spells: 3/4 levels left

rFire    . . .     SeeInvis .   b - +0 whip
rCold    . . .     Faith    .   (no shield)
rNeg     . . .     Spirit   .   a - +0 robe
rPois    .         Reflect  .   (no helmet)
rElec    .         Harm     .   (no cloak)
rCorr    .         Rampage  .   (no gloves)
Will     .....                  (no boots)
Stlth    ++........             (no amulet)
HPRegen  0.06/turn              (no ring)
MPRegen  0.10/turn              (no ring)

@: brilliant, lethally poisoned (0 -> 0)
A: high mp 1, forlorn
a: no special abilities


You were on level 1 of the Dungeon.
You visited 1 branch of the dungeon, and saw 1 of its levels.

You collected 17 gold pieces.

Inventory:

Hand Weapons
 b - a +0 whip (weapon)
Armour
 a - a +0 robe (worn)
Scrolls
 c - a scroll of magic mapping {unknown}
 d - a scroll of holy word {unknown}


   Skills:
 - Level 2.0 Dodging
 - Level 2.0 Stealth
 - Level 1.7 Spellcasting
 - Level 0.8 Transmutations
 * Level 3.3 Poison Magic


You had 3 spell levels left.
You knew the following spells:

 Your Spells              Type           Power      Damage    Failure   Level
a - Sting                 Tmut/Pois      52%        1d5       9%          1

Your spell library contained the following spells:

 Spells                   Type           Power      Damage    Failure   Level
 Poisonous Vapours        Pois/Air       20%        N/A       16%         2
 Ignite Poison            Fire/Tmut/Pois 9%         N/A       32%         3
 Mephitic Cloud           Conj/Pois/Air  7%         N/A       36%         3
 Olgreb's Toxic Radiance  Pois           19%        N/A       45%         4
 Animate Dead             Necr           1%         N/A       89%         4
 Borgnjor's Vile Clutch   Necr/Erth      1%         N/A       99%         5
 Death Channel            Necr           1%         N/A       100%        6
 Simulacrum               Ice/Necr       1%         N/A       100%        6


Dungeon Overview and Level Annotations

Branches:
Dungeon (1/15)


Innate Abilities, Weirdness & Mutations

Your attributes grow dramatically as you level up.
You have an increased reservoir of magic. (+10% MP)
You shall have no god before yourself.


Message History

The goblin is severely wounded.
The goblin hits you with a +1 dagger of venom.
You are poisoned.
You feel very sick.
You kill the goblin!
Casting: Sting (safe; 9% risk of failure)
Confirm with . or Enter, or press ? or * to list all spells.
Aiming: Sting (safe; 9% risk of failure)
Press: ? - help, Shift-Dir - straight line, f - giant cockroach
Aim: a giant cockroach (32% to evade)
The sting hits the giant cockroach.
The giant cockroach is poisoned.
You kill the giant cockroach!
You feel very sick.
Casting: Sting (safe; 9% risk of failure)
Confirm with . or Enter, or press ? or * to list all spells.
Aiming: Sting (safe; 9% risk of failure)
Press: ? - help, Shift-Dir - straight line, f - giant cockroach
Aim: a giant cockroach (32% to evade)
The sting hits the giant cockroach but does no damage.
The giant cockroach is poisoned.
You feel sick.
Casting: Sting (safe; 9% risk of failure)
Confirm with . or Enter, or press ? or * to list all spells.
Aiming: Sting (safe; 9% risk of failure)
Press: ? - help, Shift-Dir - straight line, f/p - giant cockroach
Aim: a giant cockroach (heavily wounded, poisoned, 32% to evade)
The sting misses the giant cockroach.
You feel sick. The giant cockroach bites you.
* * * LOW HITPOINT WARNING * * *
* * * LOW HITPOINT WARNING * * *
You feel sick.
You kill the giant cockroach!
* * * LOW HITPOINT WARNING * * *
You feel sick.
It was a potion of brilliance.
You feel clever all of a sudden.
* * * LOW HITPOINT WARNING * * *
You feel sick.
* * * LOW HITPOINT WARNING * * *
You feel sick.
You die...

.# #.# ##.#...##.#.# .####.##
#.........#.#
.......######...#..#..#.###..
...................#.........
#####.................)...(..
#...###........##.#.####
#...# ##................#
#...# #.......########.#
#...#####†..@>##
#.............####
#####.......#...#....######
......#.###.##.####........
#.†..###.......# #..######
#.###.#.###.#### #..# #.#
##.## #.#######..# #.# ###
#....)..†..# #.# ##########.#


There were no monsters in sight!

Vanquished Creatures
  3 ball pythons (D:1)
  2 bats (D:1)
  3 giant cockroaches (D:1)
  4 goblins (D:1)
  A quokka (D:1)
  2 kobolds (D:1)
  A rat (D:1)
16 creatures vanquished.

Vanquished Creatures (others)
  19 fungi (D:1)
19 creatures vanquished.

Grand Total: 35 creatures vanquished

Notes
Turn   | Place    | Note
-------+----------+-------------------------------------------
     0 | D:1      | shoop the Demigod Venom Mage began the quest for the Orb.
     0 | D:1      | Reached XP level 1. HP: 14/14 MP: 5/5
   252 | D:1      | Reached skill level 3 in Poison Magic
   388 | D:1      | Reached XP level 2. HP: 20/20 MP: 5/7
   540 | D:1      | HP: 1/20 [poisoned by a goblin]
   541 | D:1      | Succumbed to a goblin's poison

Illustrated notes

Levels and vault maps discovered:
D:1:      scummos_arrival_checkerplants, layout_loops_ring,
          ebering_ecumenical_altar_sacrificial

Skill      XL: |  1 |
---------------+----+-----
Stealth        | 2 |  2.0
Dodging        | 2 |  2.0
Poison Magic   | 3 |  3.3
Spellcasting   | |  1.7
Transmutations | |  0.8

Action                   || total
-------------------------++-------
Melee: Whip              ||     3
 Cast: Sting             ||    27
  Use: Potion            ||     1
Armor: Robe              ||     2
Dodge: Dodged            ||     6

Table legend: (Time is in decaauts)
 A = Elapsed time spent in this place.
 B = Non-inter-level travel time spent in this place.
 C = Inter-level travel time spent in this place.
 D = Time resting spent in this place.
 E = Time spent auto-exploring this place.
 F = Levels seen in this place.
 G = Mean time per level.
                   A        B        C        D        E       F      G
               +--------+--------+--------+--------+--------+-----+--------+
         Total |    540 |    540 |      0 |      0 |    459 |   1 |  540.0 |
       Dungeon |    540 |    540 |      0 |      0 |    459 |   1 |  540.0 |
               +--------+--------+--------+--------+--------+-----+--------+

Top non-repeatable levels by time:
     D:1: 540 daAuts
